Map: Lightshade LE

Players

ShoWTimE - Winner!

  • Race: Protoss Protoss

MarineLorD

  • Race: Terran Terran
  • League: Master

Event: DreamHack SC2 Masters 2021 Winter

VOD

Have the link to the VOD?

Description

Time

  • Played on: Oct. 15, 2021, 12:42 p.m.
  • Length: 14:15

All games in this series

Show
View Real Time Build Order
Export as new Build Order

ShoWTimE Protoss - Winner!

Build Orders: 1 Gate Expand, Blink Stalkers, Zealot Archon 

Get SALT Encoding   

  12  0:00  Probe  
  13  0:12  Probe  
  14  0:16  Pylon  
  14  0:24  Probe (Chrono Boost)  
  15  0:34  Gateway  
  15  0:36  Probe (Chrono Boost)  
  16  0:45  Probe (Chrono Boost)  
  16  0:46  Assimilator  
  17  0:50  Probe  
  18  1:03  Probe  
  19  1:15  Probe  
  20  1:22  Nexus  
  20  1:31  Cybernetics Core  
  20  1:34  Probe  
  20  1:39  Assimilator  
  21  1:46  Probe  
  22  1:50  Pylon  
  22  1:58  Probe  
  23  2:05  Adept (Chrono Boost)  
  23  2:07  Warp Gate  
  25  2:10  Probe  
  26  2:20  Twilight Council  
  26  2:22  Probe  
  27  2:26  Stalker (Chrono Boost)  
  29  2:34  Probe (Chrono Boost)  
  31  2:40  Probe (Chrono Boost)  
  31  2:43  Probe (Chrono Boost)  
  32  2:48  Probe x2 (Chrono Boost)  
  32  2:50  Blink (Chrono Boost)  
  34  2:59  Probe  
  34  3:00  Probe  
  34  3:04  Stalker  
  38  3:11  Probe  
  39  3:13  Gateway  
  39  3:15  Probe  
  40  3:22  Robotics Facility  
  40  3:23  Probe  
  41  3:27  Probe  
  42  3:35  Probe  
  42  3:39  Probe  
  44  3:43  Pylon  
  44  3:49  Nexus  
  44  3:51  Probe  
  44  3:52  Probe  
  46  4:01  Stalker  
  48  4:05  Pylon  
  48  4:06  Probe x2  
  51  4:10  Observer  
  51  4:14  Stalker  
  53  4:18  Probe  
  53  4:23  Probe  
  55  4:24  Stalker  
  55  4:30  Probe  
  58  4:31  Assimilator  
  58  4:34  Assimilator  
  58  4:35  Probe  
  58  4:37  Stalker  
  61  4:39  Forge  
  61  4:42  Probe  
  61  4:45  Pylon  
  62  4:50  Pylon  
  62  4:55  Templar Archives  
  62  4:58  Protoss Ground Weapons Level 1 (Chrono Boost)  
  62  5:01  Probe x2  
  62  5:04  Probe  
  63  5:09  Gateway  
  63  5:13  Gateway, Probe, Charge (Chrono Boost)  
  63  5:14  Gateway  
  64  5:17  Probe  
  64  5:20  Gateway, Probe  
  66  5:21  Psionic Storm  
  66  5:24  Gateway  
  66  5:29  Probe  
  66  5:30  Gateway  
  66  5:33  Pylon  
  67  5:41  Probe x2  
  69  5:43  Probe  
  69  5:48  Assimilator, High Templar  
  71  5:53  Probe  
  71  5:55  Probe x2, Shield Battery  
  74  6:02  High Templar  
  76  6:05  Photon Cannon, Probe  
  76  6:09  Pylon, Shield Battery  
  77  6:12  Pylon  
  77  6:14  Probe  
  77  6:16  Warp Prism  
  77  6:18  Assimilator, High Templar  
  82  6:19  Zealot  
  82  6:23  Stalker  
  86  6:27  Stalker, Pylon  
  86  6:31  Stalker  
  90  6:38  Stalker x2  
  90  6:39  Zealot  
  96  6:43  Zealot  
  98  6:50  Probe  
  96  7:00  Zealot x5  
  106  7:03  Probe x2  
  106  7:04  Zealot  
  110  7:09  Immortal (Chrono Boost)  
  96  7:17  Zealot x2  
  96  7:19  Protoss Ground Armor Level 1 (Chrono Boost)  
  96  7:20  Zealot x2  
  102  7:26  Zealot x2  
  106  7:31  Sentry  
  106  7:32  Zealot  
  106  7:36  Pylon  
  110  7:42  High Templar x3  
  116  7:44  High Templar  
  116  7:46  Archon  
  116  7:48  Pylon  
  116  7:50  Stalker  
  120  7:52  Zealot, Shield Battery  
  120  7:53  Pylon  
  120  7:56  Zealot x2  
  126  8:07  Pylon  
  126  8:08  Pylon  
  126  8:12  Immortal (Chrono Boost)  
  130  8:19  Zealot x4  
  122  8:27  Zealot x4  
  130  8:42  Zealot x4  
  130  8:44  Observer (Chrono Boost)  
  137  8:50  Zealot x4  
  119  9:09  High Templar x4  
  127  9:12  Protoss Ground Weapons Level 2 (Chrono Boost)  
  127  9:13  Robotics Bay, Archon x2  
  127  9:14  Robotics Facility  
  127  9:21  Nexus  
  127  9:24  Zealot  
  127  9:25  Zealot x2  
  127  9:27  Zealot  
  124  9:40  Archon  
  124  9:45  Zealot x7  
  120  9:47  Zealot  
  120  9:48  Zealot x7  
  120  9:51  Colossus  
  106  10:00  Extended Thermal Lance  
  106  10:03  Colossus  
  96  10:09  High Templar x2  
  106  10:17  Pylon  
  106  10:20  Stalker, Sentry x2  
  110  10:29  Zealot x2, High Templar  
  110  10:35  Probe x2  
  118  10:36  Colossus, Probe  
  118  10:37  Probe  
  126  10:54  Colossus, Shield Battery  
  126  10:55  High Templar x2  
  126  10:56  Photon Cannon, Pylon  
  128  10:59  Archon  
  128  11:02  Sentry  
  136  11:10  Zealot x4  
  144  11:19  Zealot  
  144  11:21  Protoss Ground Armor Level 2 (Chrono Boost), Pylon  
  144  11:23  Dark Shrine  
  146  11:28  Probe x3  
  146  11:29  Zealot, Probe  
  146  11:30  Zealot  
  154  11:37  High Templar x2  
  154  11:38  Zealot x2  
  160  11:41  Archon  
  160  11:45  Warp Prism  
  162  11:47  Disruptor  
  162  11:49  Assimilator  
  162  11:52  Assimilator  
  165  11:57  Zealot x3  
  165  11:59  Zealot  
Show
View Real Time Build Order
Export as new Build Order

MarineLorD Terran 

Build Orders:  

Get SALT Encoding   

  12  0:00  SCV  
  13  0:12  SCV  
  14  0:17  Supply Depot  
  14  0:24  SCV  
  15  0:38  SCV  
  15  0:40  Barracks  
  16  0:44  Refinery  
  16  0:50  SCV  
  17  1:02  SCV  
  18  1:14  SCV  
  19  1:26  Marine  
  19  1:27  Orbital Command  
  20  1:43  Command Center  
  20  1:53  SCV  
  21  1:58  Factory  
  21  2:03  Barracks Reactor  
  21  2:05  SCV  
  22  2:10  Supply Depot  
  22  2:17  SCV  
  22  2:21  Bunker  
  23  2:29  Refinery  
  23  2:32  SCV  
  24  2:41  Starport  
  24  2:43  Hellion  
  26  2:46  SCV  
  27  2:55  Orbital Command  
  27  2:58  SCV  
  27  3:01  Marine  
  31  3:05  Widow Mine  
  31  3:09  Marine  
  31  3:10  SCV  
  33  3:17  Medivac  
  35  3:20  SCV  
  35  3:22  SCV  
  35  3:25  Supply Depot  
  35  3:26  Marine  
  38  3:28  Marine  
  38  3:31  Widow Mine  
  38  3:32  SCV  
  42  3:36  SCV  
  41  3:44  SCV  
  41  3:45  Marine  
  41  3:46  Marine  
  41  3:47  Supply Depot  
  44  3:49  SCV  
  44  3:51  Starport Tech Lab  
  44  3:53  Factory Tech Lab  
  45  3:56  SCV  
  45  4:01  SCV  
  47  4:03  Marine  
  47  4:04  Marine, Barracks  
  47  4:09  SCV, Barracks  
  50  4:11  Raven  
  52  4:21  Marine  
  52  4:22  SCV x2, Marine  
  56  4:25  Supply Depot  
  56  4:27  Siege Tank  
  59  4:31  Engineering Bay  
  59  4:35  SCV, Refinery  
  59  4:37  SCV  
  61  4:41  Supply Depot  
  61  4:42  Marine  
  62  4:46  Marine  
  62  4:47  SCV  
  62  4:49  SCV  
  62  4:50  Supply Depot  
  65  5:01  SCV x2  
  65  5:06  Marauder, Stimpack  
  69  5:12  Refinery  
  69  5:13  Marauder, Marine x2  
  73  5:16  Factory Reactor  
  73  5:20  Terran Infantry Weapons Level 1  
  73  5:23  Supply Depot  
  73  5:24  Supply Depot  
  73  5:27  Marauder  
  75  5:31  Marine x2  
  75  5:33  Combat Shield  
  75  5:34  Marauder  
  79  5:48  Supply Depot  
  79  5:49  Marauder  
  81  5:50  Marine x2  
  81  5:51  Supply Depot  
  81  5:55  Supply Depot  
  81  5:56  Marauder  
  85  5:57  Factory Reactor  
  85  5:59  Medivac  
  85  6:01  Medivac  
  89  6:07  Supply Depot, Marine  
  89  6:08  Supply Depot  
  89  6:09  Marine  
  89  6:10  Marauder  
  93  6:21  Marauder  
  95  6:29  Medivac  
  95  6:31  Marauder, Medivac  
  101  6:33  Marine x2  
  101  6:35  Widow Mine x2  
  107  6:44  Marauder  
  109  6:51  Marine  
  109  6:53  Marauder  
  112  7:01  Command Center  
  110  7:04  SCV x2  
  110  7:05  Barracks  
  110  7:06  Barracks  
  110  7:10  Marauder  
  110  7:11  Marine  
  110  7:12  Marine  
  110  7:14  Marauder  
  104  7:16  SCV x2  
  104  7:21  Widow Mine x2  
  109  7:28  SCV x2  
  109  7:29  Medivac x2, Terran Infantry Armor Level 1  
  115  7:34  Marine x2  
  117  7:41  SCV  
  117  7:43  Widow Mine x2  
  122  7:45  SCV  
  122  7:48  Marauder  
  122  7:50  Marauder  
  127  7:53  SCV  
  127  7:57  SCV  
  129  8:05  SCV  
  129  8:06  Barracks Tech Lab  
  129  8:07  Barracks Reactor  
  129  8:09  Marauder, SCV  
  132  8:16  SCV  
  132  8:17  SCV  
  129  8:20  Medivac x2  
  129  8:21  SCV  
  129  8:26  Widow Mine x2  
  132  8:27  Marine x2  
  132  8:28  Marauder  
  132  8:29  SCV  
  132  8:31  Orbital Command  
  132  8:33  SCV  
  142  8:34  Marauder x2  
  142  8:41  SCV  
  142  8:45  SCV, Armory  
  142  8:48  Engineering Bay  
  142  8:54  SCV  
  141  8:57  SCV  
  125  9:04  Viking x2, Marine x4  
  125  9:05  Marauder x3  
  125  9:06  SCV  
  131  9:13  Ghost Academy, Refinery x2  
  131  9:22  Marine x2  
  133  9:26  Marauder x2  
  133  9:28  Marauder, Marine x2  
  133  9:31  Widow Mine x2  
  145  9:34  Viking x2  
  142  9:40  Marine x2  
  126  9:46  Marine x2  
  126  9:47  Marauder x2  
  126  9:49  Marauder  
  126  9:51  SCV  
  126  9:52  SCV  
  112  9:58  Marine x2  
  96  10:01  SCV  
  96  10:03  Marine  
  96  10:04  Marine  
  96  10:05  Medivac  
  95  10:09  Marauder x2, SCV  
  95  10:12  SCV  
  102  10:14  SCV  
  102  10:15  Marine  
  102  10:16  Marine  
  105  10:21  Marine  
  105  10:22  SCV  
  105  10:24  SCV  
  105  10:25  Concussive Shells  
  105  10:26  Terran Infantry Weapons Level 2  
  107  10:31  Terran Infantry Armor Level 2  
  107  10:35  SCV  
  107  10:41  Ghost  
  110  10:43  Marine x3  
  110  10:44  Marine  
  110  10:46  SCV  
  110  10:49  SCV x2  
  117  10:54  Ghost  
  119  10:58  SCV  
  119  11:01  SCV x2  
  119  11:02  Viking x2  
  126  11:06  Marauder, Marine  
  126  11:10  SCV  
  130  11:13  SCV x2, Ghost  
  134  11:19  Marine x3  
  134  11:22  SCV  
  139  11:25  SCV x2  
  139  11:27  Marine x2  
  139  11:28  Marauder  
  144  11:36  Viking  
  144  11:37  Viking  
  148  11:40  SCV x2  
  148  11:43  Marauder  
  148  11:44  Marine x2  
  148  11:46  Marauder  
  156  11:49  Marine  
  157  11:59  Marauder  

Tags
 
Add a new tag
Caveats
  • Supply blocks, unpowered buildings, or Contaminate may cause inaccurate times.
  • Supply counts are checked every 10 seconds.